Unix NetHack Version 3.7.0-61 Work-in-progress - last build Jul 19 2022 04:00:05 (e66842d0efd4ccf932eb409e6951b391a9e3f621,branch:master). Game began 2022-07-15 14:24:04, ended 2022-07-20 09:26:16. Goreval, chaotic female elven Priestess ------------- ------------ |......)....| |..........| ------------- #.............#######-...........##########|d..F:...:..| ####|...........| ## #-------.----##########...Zd....x..| # |...........-### # # # # #|k.d......:x| # ----------.-- ## ###############........d...| # # # ###### #--------.---- # # # # ####### #### # # # ## ### # ---------# # # # # # # |.......|# # ### # ### # # |.......-# ## # # # # ##### #### |.......| --|-.--# --------|---- #### #----.--- |........############f|.....|# |...........-#### -.-.-- #-......| |.......| #|...<.|# |...........| # |.>..| |......| --------- |.....|# |...........| #####.....| |......| @|.....-# |...........| |....| |......| #------- ------------- ------ -------- Goreval the Acolyte St:15 Dx:14 Co:12 In:9 Wi:16 Ch:9 Chaotic S:298 Dlvl:2 $:14 HP:0(20) Pw:26(48) AC:7 Xp:3/46 T:1181 Latest messages: You miss Frans' ghost. You miss Frans' ghost. You miss Frans' ghost. Frans' ghost touches you! You miss Frans' ghost. You miss Frans' ghost. You miss Frans' ghost. You miss Frans' ghost. Frans' ghost touches you! You miss Frans' ghost. You miss Frans' ghost. Frans' ghost touches you! You hit Frans' ghost! You miss Frans' ghost. You miss Frans' ghost. Frans' ghost touches you! You miss Frans' ghost. You miss Frans' ghost. You miss Frans' ghost. You miss Frans' ghost. Frans' ghost touches you! You miss Frans' ghost. You miss Frans' ghost. You miss Frans' ghost. Frans' ghost touches you! You miss Frans' ghost. You miss Frans' ghost. You miss Frans' ghost. Frans' ghost touches you! You miss Frans' ghost. You miss Frans' ghost. Frans' ghost touches you! You miss Frans' ghost. You miss Frans' ghost. You miss Frans' ghost. You miss Frans' ghost. You miss Frans' ghost. Frans' ghost touches you! You miss Frans' ghost. You miss Frans' ghost. You miss Frans' ghost. Frans' ghost touches you! You hit Frans' ghost! You miss Frans' ghost. Frans' ghost touches you! You miss Frans' ghost. You fail to cast the spell correctly. Frans' ghost touches you! You die... Do you want your possessions identified? q Major events: Turn 1: Goreval the chaotic elven Priestess entered the dungeon 945: attained the rank of Acolyte (level 3) 1181: killed by the Frans' ghost of Frans Inventory: Weapons a - a blessed +1 mace (weapon in hand) Armor c - an uncursed +0 small shield (being worn) b - an uncursed +0 robe (being worn) Comestibles e - an uncursed clove of garlic f - an uncursed sprig of wolfsbane Scrolls l - a blessed scroll of destroy armor o - an uncursed scroll of enchant weapon Spellbooks h - an uncursed spellbook of extra healing g - an uncursed spellbook of light m - an uncursed spellbook of magic missile Potions n - an uncursed potion of gain level d - 4 potions of holy water Rings p - an uncursed +1 ring of protection Tools i - an uncursed bugle j - a cursed tallow candle Gems/Stones k - an uncursed worthless piece of violet glass Goreval the Priestess's attributes: Background: You were an Acolyte, a level 3 elven Priestess. You were chaotic, nominally on a mission for Kos who was opposed by Issek (lawful) and Mog (neutral). You were in the Dungeons of Doom, on level 2. You entered the dungeon 1181 turns ago. You had 46 experience points, 34 more were needed to attain level 4. Your score was 298 before end-of-game adjustments. Basics: You had 0 out of 20 hit points. You had 26 out of 48 energy points (spell power). Your armor class was 7. Your wallet contained 14 zorkmids. Autopickup was off. Final Characteristics: Your strength was 15 (limit:18). Your dexterity was 14 (limit:18). Your constitution was 12 (limit:16). Your intelligence was 9 (limit:20). Your wisdom was 16 (limit:20). Your charisma was 9 (limit:18). Final Status: You were not hungry. You were unencumbered. You were wielding a mace. You had basic skill with mace. Final Attributes: You were devoutly aligned. You had infravision. You were guarded. You are dead. Miscellaneous: You never encountered a bones level. Total elapsed playing time was 37 minutes and 52 seconds. Vanquished creatures: a shrieker an acid blob 3 jackals a fox 6 grid bugs 6 lichens a kobold zombie 3 newts 22 creatures vanquished. No species were genocided or became extinct. Voluntary challenges: You were an atheist. You read items or engraved 1 time. You never engraved Elbereth. You never genocided any monsters. You never polymorphed an object. You never changed form. You used no wishes. Achievement: You attained the rank of Acolyte. The Dungeons of Doom: levels 1 to 3 Level 1: A fountain, a sink, a grave. Level 2: <- You were here. Final resting place for you, killed by the Frans' ghost of Frans. Level 3: Game over: ---------- / \ / REST \ / IN \ / PEACE \ / \ | Goreval | | 14 Au | | killed by the | | Frans' ghost of | | Frans | | | | 2022 | *| * * * | * _________)/\\_//(\/(/\)/\//\/|_)_______ Goodbye Goreval the Priestess... You died in The Dungeons of Doom on dungeon level 2 with 297 points, and 14 pieces of gold, after 1181 moves. You were level 3 with a maximum of 20 hit points when you died.